 Dungeon Crawl Stone Soup version 0.30-a0-168-g0b976cbdc4 (webtiles) character file.

Game seed: 6376436336646742865

875 KennySheep the Slasher (level 8, 0/48 HPs)
             Began as a Tengu Gladiator on Sept 30, 2022.
             Succumbed to a gnoll sergeant's poison
             ... on level 5 of the Dungeon.
             The game lasted 00:10:43 (5907 turns).

KennySheep the Slasher (Tengu Gladiator)            Turns: 5907, Time: 00:10:44

Health: 0/48       AC:  4    Str: 14      XL:     8   Next: 4%
Magic:  12/12      EV: 17    Int:  5 (8)  God:
Gold:   292        SH:  0    Dex: 18 (19) Spells: 11/11 levels left

rFire   . . .      SeeInvis .    a - +0 long sword
rCold   . . .      Faith    .    (no shield)
rNeg    . . .      Spirit   .    b - +0 leather armour
rPois   .          Reflect  .    c - +0 hat
rElec   .          Harm     .    (no cloak)
rCorr   .          Rampage  .    r - +0 pair of gloves
Will    .....                    (boots unavailable)
Stlth   +.........               (no amulet)
HPRegen 0.16/turn                (no ring)
MPRegen 0.13/turn                (no ring)

@: lethally poisoned (0 -> -21), flying quickly and evasively, quick
A: beak, talons 3, nimble flight
a: no special abilities


You were on level 5 of the Dungeon.
You visited 1 branch of the dungeon, and saw 5 of its levels.

You collected 292 gold pieces.

Inventory:

Hand Weapons
 a - a +0 long sword (weapon)
Missiles
 d - 3 throwing nets (quivered)
 e - a javelin
Armour
 b - a +0 leather armour (worn)
 c - a +0 hat (worn)
 r - a +0 pair of gloves (worn)
Jewellery
 s - a ring of positive energy
Wands
 q - a wand of iceblast (9)
Scrolls
 f - a scroll of butterflies
 i - 3 scrolls of teleportation
 j - 4 scrolls of identify
 m - 3 scrolls of silence
 n - a scroll of magic mapping
 o - a scroll of brand weapon
 p - a scroll of enchant weapon
 t - a scroll of torment
 u - a scroll of poison {unknown}
Potions
 g - 2 potions of degeneration
 h - a potion of attraction
 k - 2 potions of resistance
 l - 2 potions of curing


   Skills:
 + Level 4.0 Fighting
 * Level 6.6 Long Blades
 - Level 2.0 Throwing
 + Level 5.1 Dodging
 + Level 2.2 Spellcasting
 + Level 2.6 Necromancy
 + Level 1.8 Earth Magic


You had 11 spell levels left.
You didn't know any spells.
Your spell library was empty.

Dungeon Overview and Level Annotations

Branches:
Dungeon (5/15)
 Temple: D:4-7

Altars:
Nemelex Xobeh
Sif Muna

Shops:
D:3 :


Innate Abilities, Weirdness & Mutations

You have a beak for a mouth.
You have claws for feet.
Your magical nature lets you fly swiftly and evasively.


Message History

The gnoll is severely wounded.
The gnoll hits you with a +0 club.
You hit the gnoll. You claw the gnoll, but do no damage. You peck the gnoll.
You kill the gnoll!
You see here a +0 club.
You now have 292 gold pieces (gained 13).
You see here a +0 club.
There is an open door, spattered with blood here.
The gnoll shouts!
The gnoll sergeant shouts!
You hear a shout!
The gnoll hits you from afar with a +0 spear.
The gnoll completely misses you.
You closely miss the gnoll. You claw the gnoll, but do no damage.
Your peck misses the gnoll. You punch the gnoll.
The gnoll is moderately wounded.
The gnoll misses you.
The gnoll sergeant hits you from afar with a +2 trident of venom.
You are poisoned.
You hit the gnoll. You claw the gnoll. You peck the gnoll.
You kill the gnoll!
You feel very sick. The gnoll sergeant closely misses you.
You feel your strength returning.
You hit the gnoll but do no damage. You peck the gnoll, but do no damage.
The gnoll is moderately wounded.
You feel very sick. The gnoll hits you with a +0 club.
The gnoll sergeant misses you.
You closely miss the gnoll. You claw the gnoll. Your peck misses the gnoll.
The gnoll is heavily wounded.
You feel sick. The gnoll misses you.
The gnoll sergeant hits you from afar with a +2 trident of venom!
You are lethally poisoned!
You slash the gnoll!
You kill the gnoll!
* * * LOW HITPOINT WARNING * * *
You feel extremely sick. The gnoll sergeant misses you.
* * * LOW HITPOINT WARNING * * *
You feel very sick.
You die...

#≈##≈≈≈##≈.......#
#..........
#≈#######≈.......#
#..........
#≈≈#...#≈≈.......#
#..........
#≈≈#...#≈≈.......#
#).........
#≈≈#.).#≈≈.......#
##########.
#≈###'###≈###g####
#. #≈##≈.≈##≈# #.#
#. #≈≈≈≈.≈≈≈≈###.#
## #####......##@#
######....# ####.#
#.# #.. ####


You could see a gnoll sergeant.

Vanquished Creatures
  Eustachio (D:4)
  A water moccasin (D:5)
  2 ogres (D:5)
  A scorpion (D:5)
  A hound (D:5)
  An orc priest (D:4)
  An iguana (D:5)
  14 gnolls
  5 adders
  A shadow imp (D:4)
  3 worms
  A dart slug (D:3)
  9 orcs
  4 ball pythons
  6 endoplasms
  6 giant cockroaches
  7 goblins
  7 hobgoblins
  2 jackals (D:1)
  7 kobolds
  3 quokkas
  6 bats
  3 frilled lizards
  4 rats
96 creatures vanquished.

Vanquished Creatures (others)
  An orc wizard (D:5)
1 creature vanquished.

Grand Total: 97 creatures vanquished

Notes
Turn   | Place    | Note
-------+----------+-------------------------------------------
     0 | D:1      | KennySheep the Tengu Gladiator began the quest for the Orb.
     0 | D:1      | Reached XP level 1. HP: 12/12 MP: 2/2
   233 | D:1      | Reached XP level 2. HP: 17/17 MP: 3/3
   650 | D:1      | Reached skill level 4 in Long Blades
   650 | D:1      | Reached XP level 3. HP: 21/22 MP: 4/4
  1150 | D:2      | Reached XP level 4. HP: 18/27 MP: 5/5
  1857 | D:3      | Found Aseocuam's Book Shop.
  1867 | D:3      | Found a shimmering blue altar of Sif Muna.
  2383 | D:3      | Found a faded altar of an unknown god.
  2532 | D:3      | Gained mutation: Your magical nature lets you fly swiftly
                  | and evasively. [Tengu growth]
  2532 | D:3      | Reached XP level 5. HP: 31/32 MP: 6/6
  2812 | D:4      | Reached skill level 5 in Long Blades
  2880 | D:4      | Identified the +6 rapier of Corruption {vorpal, *Slow rPois
                  | rF+ Int+8}
  3249 | D:4      | Found a sparkling altar of Nemelex Xobeh.
  3289 | D:4      | Noticed Eustachio
  3309 | D:4      | Killed Eustachio
  3310 | D:4      | Reached skill level 1 in Spellcasting
  3310 | D:4      | Reached skill level 1 in Necromancy
  3310 | D:4      | Reached XP level 6. HP: 37/37 MP: 6/8
  4443 | D:5      | Entered Level 5 of the Dungeon
  4461 | D:5      | Reached skill level 1 in Earth Magic
  4590 | D:5      | Noticed a water moccasin
  4596 | D:5      | Killed a water moccasin
  4597 | D:5      | Reached XP level 7. HP: 37/41 MP: 10/10
  4620 | D:5      | Reached skill level 6 in Long Blades
  4747 | D:5      | Reached skill level 5 in Dodging
  5233 | D:5      | HP: 2/42 [gnoll/+0 spear (2)]
  5549 | D:5      | Reached XP level 8. HP: 36/48 MP: 12/12
  5907 | D:5      | Succumbed to a gnoll sergeant's poison

Illustrated notes

Levels and vault maps discovered:
D:1:      saegor_arrival_simple_d, layout_basic, chequers_mini_garden
D:2:      layout_rooms
D:3:      layout_rooms, nicolae_overflow_hidden_temple,
          shapermc_ecumenical_altar_venn, serial_shops, shop_statue
D:4:      layout_loops_corners, mainiacjoe_overflow_tiny_flanked,
          minmay_misc_feat_cross, uniq_eustachio
D:5:      cheibrodos_quashed, layout_basic, minmay_temple_entry_enclosed_plants,
          lightli_minifort

Skill      XL: |  1  2  3  4  5  6  7 |
---------------+----------------------+-----
Long Blades    | 4 5 6 |  6.6
Dodging        | 4 5 |  5.1
Fighting       | 3 4 |  4.0
Spellcasting   | 1 2 |  2.2
Necromancy     | 1 2 |  2.6
Earth Magic    | 1 |  1.8
Throwing       | |  2.0

Action                   |  1- 3 |  4- 6 |  7- 9 || total
-------------------------+-------+-------+-------++-------
Melee: Long sword        |    71 |   124 |    55 ||   250
       Kick              |    14 |    32 |    23 ||    69
       Peck              |    12 |    15 |    12 ||    39
       Punch             |       |     1 |     3 ||     4
Evoke: Wand              |       |     2 |       ||     2
  Use: Scroll            |       |       |     7 ||     7
       Potion            |       |       |     4 ||     4
 Stab: Sleeping          |     3 |     3 |       ||     6
Armor: Leather armour    |     7 |    17 |     7 ||    31
Dodge: Dodged            |    55 |   102 |    47 ||   204

Table legend: (Time is in decaauts)
 A = Elapsed time spent in this place.
 B = Non-inter-level travel time spent in this place.
 C = Inter-level travel time spent in this place.
 D = Time resting spent in this place.
 E = Time spent auto-exploring this place.
 F = Levels seen in this place.
 G = Mean time per level.
                   A        B        C        D        E       F      G
               +--------+--------+--------+--------+--------+-----+--------+
         Total |   5804 |   5732 |     72 |   1573 |   3353 |   5 | 1160.8 |
       Dungeon |   5804 |   5732 |     72 |   1573 |   3353 |   5 | 1160.8 |
               +--------+--------+--------+--------+--------+-----+--------+

Top non-repeatable levels by time:
     D:4: 1429 daAuts
     D:3: 1323 daAuts
     D:5: 1176 daAuts
     D:1: 1150 daAuts
     D:2: 724 daAuts
